Map: Catalyst LE

Players

fruitcake

  • Race: Terran Terran
  • Spawn Location: 5:00

A.I. 1 (Very Hard) - Winner!

  • Race: Protoss Protoss
  • Spawn Location: 11:00

VOD

Have the link to the VOD?

Description

Time

  • Played on: May 5, 2018, 6:14 p.m.
  • Length: 13:57
Show
View Real Time Build Order
Export as new Build Order

fruitcake Terran 

Build Orders: Bio Tank 

Get SALT Encoding   

  12  0:01  SCV  
  13  0:13  Supply Depot  
  13  0:18  SCV  
  14  0:26  Refinery  
  14  0:30  SCV  
  15  0:44  Barracks  
  15  0:46  SCV  
  16  0:58  SCV  
  17  1:04  Supply Depot  
  17  1:10  SCV  
  18  1:22  SCV  
  19  1:31  Marine  
  20  1:38  Orbital Command  
  20  1:56  Command Center  
  20  2:07  SCV  
  21  2:10  Marine  
  22  2:26  Factory  
  22  2:29  SCV  
  23  2:30  Refinery  
  23  2:33  Marine  
  24  2:42  Supply Depot  
  24  2:51  Marine, Barracks  
  25  3:02  SCV  
  26  3:08  SCV  
  26  3:11  Barracks Reactor  
  27  3:14  SCV, Factory Reactor  
  27  3:16  Factory Tech Lab  
  28  3:20  SCV  
  28  3:26  Engineering Bay  
  29  3:32  SCV x2  
  31  3:37  Siege Tank  
  34  3:44  SCV x2  
  36  3:55  Terran Infantry Weapons Level 1  
  36  3:56  SCV x2  
  38  4:05  Marine x2  
  38  4:07  Barracks Reactor  
  38  4:08  Barracks Tech Lab, SCV  
  38  4:09  SCV  
  42  4:18  Starport  
  42  4:21  SCV  
  43  4:30  Marine  
  44  4:32  Marauder  
  44  4:36  Stimpack  
  44  4:37  SCV  
  47  4:42  Refinery  
  47  4:43  SCV  
  48  4:46  Refinery  
  48  4:49  SCV  
  48  4:50  Supply Depot  
  49  4:55  Supply Depot  
  49  5:00  Factory  
  49  5:01  SCV  
  50  5:10  Medivac  
  52  5:14  Supply Depot  
  52  5:17  SCV  
  52  5:18  SCV  
  54  5:27  Siege Tank  
  57  5:30  SCV  
  57  5:34  SCV  
  59  5:40  Medivac  
  61  5:46  Marine x2  
  61  5:49  Marauder  
  65  5:57  Supply Depot  
  65  6:00  Supply Depot, Terran Infantry Armor Level 1  
  65  6:04  Marine x2, Armory  
  65  6:10  Marine  
  68  6:17  Siege Tank  
  71  6:21  Marine  
  71  6:22  Marine, SCV  
  74  6:45  Supply Depot  
  74  6:52  Siege Tank  
  77  6:55  Starport Reactor  
  77  6:56  Marine x2, Marauder  
  81  7:04  Starport, Combat Shields  
  81  7:09  Supply Depot  
  81  7:10  Terran Vehicle Weapons Level 1  
  81  7:14  Marine x2  
  83  7:17  Marine  
  83  7:20  Factory Reactor  
  84  7:24  Siege Tank  
  87  7:31  Marine  
  87  7:32  Marine  
  87  7:36  Marauder  
  91  7:49  Marine x2  
  93  7:56  Siege Tank  
  93  7:57  SCV, Marauder  
  99  8:07  Marine x2  
  99  8:12  Command Center  
  101  8:18  Marauder  
  103  8:25  Marine  
  104  8:28  Siege Tank  
  107  8:35  Marine  
  107  8:40  Marauder  
  110  8:50  Supply Depot  
  110  8:55  Supply Depot  
  110  9:12  Marine x2, SCV x2, Siege Tank  
  110  9:13  Supply Depot  
  110  9:15  Marauder  
  118  9:19  Supply Depot  
  115  9:30  Marine  
  113  9:36  Marine, Supply Depot, Marauder  
  116  9:41  SCV x3  
  116  9:44  Siege Tank  
  116  9:45  Refinery  
  122  9:47  Marine  
  122  9:49  Terran Infantry Weapons Level 2  
  122  9:50  Terran Vehicle Weapons Level 2  
  123  9:53  SCV x2  
  123  9:54  Marine  
  123  9:57  Marauder  
  128  10:05  Marine  
  128  10:06  Cyclone x2  
  135  10:11  Marine, Refinery  
  136  10:16  Siege Tank  
  136  10:17  SCV  
  136  10:19  Marauder  
  142  10:23  Marine  
  143  10:29  SCV, Marine, Starport Reactor  
  143  10:31  Medivac  
  143  10:32  Medivac  
  149  10:40  Marauder  
  149  10:41  Marine, SCV  
  153  10:47  Marine  
  153  10:48  Siege Tank  
  157  10:53  SCV  
  158  10:59  Marine  
  158  11:01  Command Center  
  158  11:02  Marauder  
  161  11:05  Marine, Medivac  
  161  11:07  Concussive Shells  
  164  11:17  Marine, Orbital Command  
  165  11:25  Supply Depot  
  165  11:28  Supply Depot  
  165  11:46  Marauder  
  165  11:47  Marine x2, Siege Tank  
  165  11:48  Supply Depot  
  165  11:51  Supply Depot  
  146  12:05  Marine x2  
  146  12:08  Marauder  
  118  12:12  Supply Depot  
  118  12:14  Supply Depot  
  91  12:19  Siege Tank  
  92  12:22  Marine x2  
  92  12:29  Marauder  
  93  12:38  Supply Depot  
  93  12:40  Marine x2  
  90  12:46  Widow Mine  
  90  12:48  Medivac x3  
  90  12:49  Medivac  
  90  12:50  Marauder  
  89  12:51  Thor  
  89  12:58  Marine x2  
  71  13:12  Marauder  
  73  13:13  Widow Mine  
  73  13:14  Widow Mine  
  73  13:16  Marine x2  
  73  13:18  Medivac x3  
  73  13:19  Medivac  
  70  13:33  Marauder  
  70  13:34  Marine x2  
  72  13:35  Widow Mine  
Show
View Real Time Build Order
Export as new Build Order

A.I. 1 (Very Hard) Protoss - Winner!

Build Orders: Zealot Archon 

Get SALT Encoding   

  12  0:00  Probe  
  13  0:13  Probe  
  14  0:21  Pylon  
  14  0:25  Probe  
  15  0:35  Probe  
  16  0:43  Probe  
  16  0:47  Assimilator  
  17  0:50  Gateway  
  17  0:52  Probe  
  18  1:00  Probe  
  18  1:01  Pylon  
  19  1:08  Probe  
  20  1:19  Probe  
  21  1:32  Probe  
  22  1:38  Zealot  
  24  1:40  Cybernetics Core  
  24  1:44  Probe  
  25  2:00  Nexus  
  25  2:11  Gateway  
  25  2:19  Pylon  
  25  2:23  Zealot  
  25  2:26  Probe  
  25  2:29  Warp Gate  
  28  2:37  Assimilator  
  28  2:38  Probe  
  29  2:46  Adept  
  29  2:51  Probe  
  32  2:59  Adept  
  32  3:02  Pylon, Probe  
  35  3:07  Adept  
  35  3:10  Probe  
  35  3:15  Probe  
  39  3:26  Sentry  
  41  3:28  Probe  
  41  3:29  Gateway  
  41  3:32  Probe  
  43  3:37  Adept  
  43  3:40  Probe  
  46  3:44  Probe  
  47  3:52  Adept  
  47  3:53  Probe  
  50  3:56  Adept, Probe  
  51  4:04  Probe  
  51  4:08  Probe  
  55  4:12  Probe  
  55  4:15  Pylon  
  56  4:19  Adept  
  56  4:20  Probe x2  
  56  4:21  Pylon  
  59  4:31  Stalker  
  62  4:33  Stalker, Probe  
  62  4:36  Probe  
  66  4:44  Twilight Council  
  66  4:45  Probe  
  66  4:48  Probe  
  68  4:54  Pylon, Stalker x2  
  68  4:58  Stalker, Probe  
  75  5:00  Probe  
  76  5:09  Probe  
  76  5:13  Probe  
  78  5:14  Pylon  
  78  5:24  Assimilator  
  78  5:25  Templar Archives  
  78  5:28  Assimilator  
  78  5:32  Zealot  
  78  5:35  Pylon  
  80  5:47  Probe x2  
  82  5:55  Stalker  
  84  5:59  Stalker, Probe  
  84  6:00  Probe  
  84  6:02  High Templar  
  90  6:05  Pylon  
  90  6:14  Forge  
  90  6:17  Forge  
  90  6:18  Sentry  
  92  6:21  High Templar  
  92  6:22  Pylon  
  92  6:24  Robotics Facility  
  94  6:27  Stalker  
  94  6:29  Gateway  
  96  6:41  Zealot  
  96  6:44  Archon  
  96  6:45  Stalker  
  100  6:48  High Templar, Pylon  
  100  6:50  Photon Cannon  
  100  6:52  Pylon  
  102  7:01  High Templar  
  104  7:06  Observer  
  104  7:13  Photon Cannon  
  104  7:14  Photon Cannon  
  105  7:16  Stalker  
  105  7:18  Photon Cannon  
  105  7:21  Stalker  
  105  7:22  Archon  
  109  7:23  Warp Prism  
  109  7:26  High Templar  
  113  7:34  Pylon  
  113  7:40  High Templar  
  115  7:50  Photon Cannon  
  115  7:52  Immortal  
  115  7:53  Stalker  
  117  8:03  Gateway, Archon  
  121  8:08  High Templar, Pylon  
  121  8:10  Nexus  
  123  8:21  High Templar  
  123  8:25  Photon Cannon  
  125  8:28  Warp Prism  
  127  8:39  Sentry  
  129  8:43  Archon  
  129  8:44  High Templar, Pylon  
  130  8:55  Gateway  
  130  8:59  Photon Cannon  
  130  9:04  Immortal  
  130  9:08  High Templar  
  136  9:12  Zealot x2, Stalker  
  116  9:17  Zealot  
  116  9:23  Probe x3  
  103  9:32  Zealot x3  
  103  9:34  Zealot  
  103  9:35  Stalker, Probe  
  103  9:36  Assimilator, Probe x2  
  116  9:40  Assimilator  
  116  9:43  Immortal  
  116  9:44  Archon  
  116  9:45  Zealot  
  122  9:47  Probe  
  122  9:48  Probe  
  122  9:49  Zealot, Probe  
  122  9:50  Adept  
  129  9:52  Sentry  
  129  9:53  High Templar  
  129  9:58  Zealot  
  129  9:59  Probe  
  136  10:00  Probe  
  136  10:02  Probe  
  136  10:03  Zealot  
  139  10:09  High Templar  
  139  10:10  Zealot  
  139  10:11  Probe  
  139  10:13  Probe  
  139  10:14  Probe  
  146  10:16  Stalker  
  146  10:18  Stalker  
  146  10:21  Pylon, Probe  
  150  10:22  Immortal  
  150  10:23  Probe  
  150  10:24  Stalker  
  158  10:31  Archon  
  158  10:38  Stalker  
  160  10:44  Stalker  
  160  10:47  Pylon  
  162  10:52  Zealot, Stalker  
  162  10:53  Zealot  
  162  10:56  Zealot  
  169  11:01  Zealot  
  169  11:02  Observer  
  169  11:03  Protoss Ground Weapons Level 1  
  172  11:07  Zealot  
  172  11:10  Pylon  
  174  11:13  Zealot  
  174  11:15  Protoss Ground Armor Level 1  
  174  11:17  Stalker  
  178  11:18  Adept  
  178  11:23  Immortal  
  184  11:28  Sentry  
  184  11:29  Pylon  
  184  11:31  Stalker  
  188  11:42  Charge  
  188  11:47  Zealot  
  188  11:49  Photon Cannon  
  188  11:52  Pylon  
  190  11:57  Stalker  
  190  11:59  Zealot, Adept  
  192  12:01  Adept, Sentry  
  192  12:02  Observer  
  192  12:06  High Templar  
  173  12:16  Photon Cannon  
  173  12:19  Photon Cannon, High Templar  
  173  12:20  Sentry  
  177  12:24  Immortal  
  177  12:27  High Templar  
  183  12:37  High Templar  
  185  12:39  Photon Cannon, Nexus  
  185  12:48  Archon  
  185  12:50  High Templar x2  
  185  13:10  High Templar  
  185  13:12  Archon  
  187  13:13  Photon Cannon  
  187  13:14  High Templar  
  189  13:29  High Templar  
  191  13:38  High Templar  
  187  13:45  Zealot  
  187  13:47  High Templar  
  183  13:49  Zealot  
  183  13:50  Zealot  
  183  13:52  Archon  
  183  13:53  Adept  
Tags
 
Add a new tag
Caveats
  • Supply blocks, unpowered buildings, or Contaminate may cause inaccurate times.
  • Supply counts are checked every 10 seconds.